 Dungeon Sprint DCSS version 0.26-a0-652-gafc20e3620 (webtiles) character file.

Game seed: 6703682162493409920

30306 mhtbhm the Merfolkian Porcupine (level 13, -2/195 HPs)
             Began as a Merfolk Berserker on Oct 1, 2020.
             Was the Champion of Trog.
             Killed from afar by a shock serpent (15 damage)
             ... with an electric aura
             ... in the Dungeon (Sprint IX: "|||||||||||||||||||||||||||||").
             The game lasted 00:06:57 (3643 turns).

mhtbhm the Merfolkian Porcupine (Merfolk Berserker) Turns: 3643, Time: 00:06:58

Health: -2/195     AC: 18    Str: 22    XL:     13   Next: 50%
Magic:  13/13      EV: 20    Int:  7    God:    Trog [******]
Gold:   1099       SH:  0    Dex: 13    Spells: 12/12 levels left

rFire    + . .     SeeInvis .   a - +5 glaive (flame)
rCold    . . .     Faith    .   (shield currently unavailable)
rNeg     . . .     Spirit   .   b - +0 swamp dragon scales
rPois    +         Reflect  .   v - +0 helmet
rElec    .         Harm     .   m - +0 cloak
rCorr    .         Rampage  .   u - +0 pair of gloves
MR       .....     NoTele   +   (no boots)
Stlth    ..........             (no amulet)
HPRegen  0.42/turn              r - ring of protection from fire
MPRegen  0.13/turn              E - +4 ring of protection

@: berserking (expiring), very quick
A: change form in water, swift swim, stealthy swim
a: Berserk, Trog's Hand, Brothers in Arms, Renounce Religion


You were in the Dungeon.
You worshipped Trog.
Trog was exalted by your worship.
You visited 1 branch You collected 1899 gold pieces.
You spent 800 gold pieces at shops.

Inventory:

Hand Weapons
 a - a +5 glaive of flaming (weapon)
Missiles
 A - 5 javelins (quivered)
Armour
 b - +0 swamp dragon scales (worn)
 l - a +0 cloak
 m - a +0 cloak (worn)
 u - a +0 pair of gloves (worn)
 v - a +0 helmet (worn)
 w - a +1 robe of cold resistance
Jewellery
 n - a +2 ring of evasion
 r - a ring of protection from fire (left hand)
 C - an uncursed ring of protection from cold
 D - an uncursed ring of protection from fire
 E - a +4 ring of protection (right hand)
 F - an uncursed ring of see invisible
Wands
 k - a wand of acid (5)
 B - a wand of paralysis (3)
Scrolls
 h - 7 scrolls of blinking
 j - 4 scrolls of remove curse
 s - 4 scrolls of enchant weapon
 t - 3 scrolls of fog
 x - a scroll of identify
 y - 3 scrolls of magic mapping
 z - a scroll of immolation
Potions
 c - a potion of invisibility
 d - 8 potions of heal wounds
 e - 4 potions of haste
 f - 4 potions of magic
 g - 2 potions of berserk rage
 i - 9 potions of curing
 o - 5 potions of mutation
 p - a potion of stabbing
 q - a potion of resistance


   Skills:
 + Level 21.2 Fighting
 O Level 27 Polearms
 + Level 8.8 Armour
 + Level 14.8 Dodging
 + Level 11.5 Stealth
 + Level 3.4 Evocations


You had 12 spell levels left.
You didn't know any spells.
Your spell library was empty.

Dungeon Overview and Level Annotations

Branches:
Dungeon (1/1)

Altars:
Cheibriados
Dithmenos
Elyvilon
Fedhas
Gozag
Hepliaklqana
Kikubaaqudgha
Makhleb
Nemelex Xobeh
Okawaru
Qazlal
Ru
Sif Muna
Trog
Uskayaw
Vehumet
Wu Jian
Xom
Yredelemnul
Zin
The Shining One
Beogh
Jiyva
Lugonu

Shops:
D (!(?


Message History

* * * LOW HITPOINT WARNING * * *
x2 The anaconda constricts you.
You slash the anaconda! You burn the anaconda.
You kill the anaconda!
Trog accepts your kill.
The shock serpent shoots out a bolt of lightning at you!
The bolt of electricity hits you!!
* * * LOW HITPOINT WARNING * * *
The shock serpent misses you.
There is an open door to the Snake Pit, spattered with blood here.
You see here an anaconda corpse.
Unknown command.
You slash the shock serpent! You burn the shock serpent.
The shock serpent is heavily wounded.
Unknown command.
You slice the shock serpent!! You burn the shock serpent.
You kill the shock serpent!
Trog accepts your kill.
The air sparks with electricity, shocking you!
You die...

.▓.▓[▓.▓.▓.▓.▓.▓
.▓.▓.▓.▓∩▓.▓.▓.▓.▓
)▓.▓(▓.▓.▓.▓.▓.▓S▓
[▓.▓(▓.▓∩▓.▓.▓.▓N▓
.▓.▓.▓.▓.▓.▓.▓.▓S▓
.▓.▓.▓.▓∩▓.▓(▓.▓S▓
.▓.▓.▓.▓)▓.▓.▓.▓S▓
[▓.▓.▓.▓∩▓.▓.▓.▓.▓
.▓.▓.▓.▓)▓.▓.▓.▓@▓
)▓.▓.▓.▓)▓.▓)▓.▓.▓
?▓.▓.▓.▓)▓)▓)▓.▓.▓
.▓.▓†▓.▓)▓.▓(▓.▓.▓
'▓.▓†▓.▓)▓.▓.▓.▓.▓
_▓.▓)▓.▓'▓.▓.▓.▓)▓
_▓.▓.▓.▓.▓.▓.▓.▓.▓
_▓.▓.▓.▓.▓.▓.▓.▓.▓
_▓.▓.▓.▓.▓.▓[▓.▓.▓


You could see 2 shock serpents, 2 black mambas and a naga.

Vanquished Creatures
  An emperor scorpion (D)
  A stone giant (D)
  An ettin (D)
  Josephine (D)
  A merfolk impaler (D)
  An ogre mage (D)
  A yaktaur captain (D)
  Erolcha (D)
  2 hydras (D)
  2 ice dragons (D)
  A ghost crab (D)
  2 centaur warriors (D)
  A two-headed ogre (D)
  An anaconda (D)
  A deep troll earth mage (D)
  A satyr (D)
  Urug (D)
  2 orc high priests (D)
  2 shock serpents (D)
  A fire crab (shapeshifter) (D)
  2 swamp dragons (D)
  A sea snake (D)
  4 orc knights (D)
  An orb spider (D)
  A wolf spider (D)
  3 orc sorcerers (D)
  An elephant (D)
  A water nymph (D)
  2 cane toads (D)
  An efreet (D)
  A rime drake (D)
  2 komodo dragons (D)
  A demonic crawler (D)
  A troll (D)
  A merfolk (D)
  A tyrant leech (D)
  A hornet (D)
  A jumping spider (D)
  A wind drake (D)
  2 snapping turtles (D)
  A bog body (D)
  A blink frog (D)
  2 redbacks (D)
  A tarantella (D)
  A shadow (D)
  3 yaks (D)
  3 wraiths (D)
  A vampire mosquito (D)
  2 wargs (D)
  3 hell hounds (D)
  2 water moccasins (D)
  4 porcupines (D)
  9 orc warriors (D)
  A necrophage (D)
  An ogre (D)
  A phantom (D)
  3 wolves (D)
  An eye of draining (D)
  A centaur (D)
  A crocodile (D)
  5 bullfrogs (D)
  A quasit (D)
  A jelly (D)
  5 orc priests (D)
  5 orc wizards (D)
  An iguana (D)
  A white imp (D)
  An ooze (D)
  An adder zombie (D)
  A worm (D)
  A dart slug (D)
  An adder simulacrum (D)
  10 orcs (D)
  A bat skeleton (D)
  A jackal (D)
  A frilled lizard (D)
  A rat (D)
134 creatures vanquished.

Vanquished Creatures (others)
  An alligator (D)
  An orc (D)
2 creatures vanquished.

Grand Total: 136 creatures vanquished

Notes
Turn   | Place    | Note
-------+----------+-------------------------------------------
     0 | D        | mhtbhm the Merfolk Berserker began the quest for the Orb.
     0 | D        | Reached XP level 1. HP: 18/18 MP: 1/1
    15 | D        | Reached skill level 5 in Polearms
    16 | D        | Reached ** piety under Trog
    20 | D        | Reached XP level 2. HP: 17/26 MP: 2/2
   155 | D        | Noticed a necrophage
   155 | D        | Noticed a water moccasin
   158 | D        | Reached skill level 6 in Polearms
   168 | D        | Killed a water moccasin
   168 | D        | Reached *** piety under Trog
   168 | D        | Reached skill level 9 in Polearms
   168 | D        | Reached XP level 3. HP: 13/36 MP: 3/3
   168 | D        | Reached XP level 4. HP: 15/43 MP: 4/4
   168 | D        | Reached XP level 5. HP: 17/48 MP: 5/5
   176 | D        | Killed a necrophage
   176 | D        | Reached skill level 11 in Polearms
   176 | D        | Reached skill level 5 in Dodging
   182 | D        | HP: 2/49 [poisoned by a water moccasin]
   422 | D        | Found a roughly hewn altar of Beogh.
   422 | D        | Found a snail-covered altar of Cheibriados.
   422 | D        | Found a shadowy altar of Dithmenos.
   422 | D        | Found a white marble altar of Elyvilon.
   422 | D        | Found a blossoming altar of Fedhas.
   422 | D        | Found an opulent altar of Gozag.
   423 | D        | Found a hazy altar of Hepliaklqana.
   424 | D        | Found a viscous altar of Jiyva.
   425 | D        | Found an ancient bone altar of Kikubaaqudgha.
   426 | D        | Found a corrupted altar of Lugonu.
   427 | D        | Found a burning altar of Makhleb.
   428 | D        | Found a sparkling altar of Nemelex Xobeh.
   429 | D        | Found an iron altar of Okawaru.
   430 | D        | Found a stormy altar of Qazlal.
   431 | D        | Found a sacrificial altar of Ru.
   432 | D        | Found a shimmering blue altar of Sif Muna.
   433 | D        | Found a bloodstained altar of Trog.
   434 | D        | Found a hide-covered altar of Uskayaw.
   435 | D        | Found a radiant altar of Vehumet.
   436 | D        | Found an ornate altar of the Wu Jian Council.
   437 | D        | Found a shimmering altar of Xom.
   438 | D        | Found a basalt altar of Yredelemnul.
   439 | D        | Found a glowing silver altar of Zin.
   440 | D        | Found a glowing golden altar of the Shining One.
   589 | D        | Noticed a phantom
   589 | D        | Noticed an ogre
   593 | D        | Reached **** piety under Trog
   593 | D        | Reached XP level 6. HP: 57/57 MP: 6/6
   597 | D        | Reached skill level 12 in Polearms
   601 | D        | Reached skill level 13 in Polearms
   619 | D        | Killed a phantom
   619 | D        | Reached ***** piety under Trog
   619 | D        | Reached skill level 14 in Polearms
   619 | D        | Reached XP level 7. HP: 46/65 MP: 7/7
   708 | D        | Noticed a yak
   708 | D        | Noticed a fire crab
   708 | D        | Noticed a two-headed ogre
   708 | D        | Noticed a vampire mosquito
   708 | D        | Noticed a troll
   713 | D        | Killed a troll
   713 | D        | Reached skill level 10 in Fighting
   713 | D        | Reached skill level 15 in Polearms
   716 | D        | Killed a vampire mosquito
   716 | D        | Received a gift from Trog
   716 | D        | Reached skill level 16 in Polearms
   718 | D        | Reached XP level 8. HP: 75/75 MP: 3/8
   724 | D        | Killed a two-headed ogre
   724 | D        | Reached skill level 17 in Polearms
   724 | D        | Reached skill level 5 in Stealth
   729 | D        | Killed a fire crab
   729 | D        | Reached skill level 19 in Polearms
   729 | D        | Reached XP level 9. HP: 84/84 MP: 3/9
   878 | D        | Noticed a cane toad
   880 | D        | Noticed a komodo dragon
   885 | D        | Killed a cane toad
   888 | D        | Reached skill level 20 in Polearms
   894 | D        | Noticed a komodo dragon
   899 | D        | Killed a komodo dragon
   899 | D        | Reached XP level 10. HP: 66/92 MP: 10/10
   950 | D        | Noticed an elephant
   953 | D        | Reached ****** piety under Trog
   954 | D        | Noticed a seven-headed hydra
   954 | D        | Reached skill level 21 in Polearms
   954 | D        | Reached skill level 5 in Armour
   957 | D        | Received a gift from Trog
   966 | D        | Killed an elephant
   977 | D        | Killed a 14-headed hydra
   980 | D        | Reached skill level 22 in Polearms
  1160 | D        | Received a gift from Trog
  1160 | D        | Reached skill level 15 in Fighting
  1329 | D        | Reached XP level 11. HP: 102/102 MP: 11/11
  1351 | D        | Received a gift from Trog
  1411 | D        | Noticed an orc sorcerer
  1411 | D        | Noticed an orc sorcerer
  1415 | D        | Killed an orc sorcerer
  1415 | D        | Reached skill level 10 in Dodging
  1419 | D        | Noticed a sun demon
  1425 | D        | Received a gift from Trog
  1431 | D        | Killed an orc sorcerer
  1431 | D        | Reached skill level 23 in Polearms
  1450 | D        | Received a gift from Trog
  1495 | D        | Found Gowodeir's Magic Scroll Boutique.
  1495 | D        | Noticed an orc knight
  1495 | D        | Noticed an orc sorcerer
  1496 | D        | Noticed an orc knight
  1500 | D        | Noticed an orc high priest
  1501 | D        | Found Jilooneo's Antique Weapon Shop.
  1503 | D        | Killed an orc sorcerer
  1511 | D        | Killed an orc knight
  1511 | D        | Received a gift from Trog
  1515 | D        | Killed an orc knight
  1516 | D        | Noticed a soul eater
  1522 | D        | Killed an orc high priest
  1526 | D        | Noticed an orc knight
  1560 | D        | Killed an orc knight
  1566 | D        | Found Ogoczin's Distillery.
  1566 | D        | Noticed an orc knight
  1568 | D        | Found Zurexij's Weapon Shop.
  1575 | D        | Killed an orc knight
  1575 | D        | Received a gift from Trog
  1575 | D        | Reached skill level 24 in Polearms
  1575 | D        | Reached skill level 1 in Evocations
  1636 | D        | Noticed an orc high priest
  1645 | D        | Killed an orc high priest
  1663 | D        | Bought a scroll of blinking for 75 gold pieces
  1663 | D        | Bought a scroll of blinking for 75 gold pieces
  1667 | D        | Bought a potion of haste for 100 gold pieces
  1667 | D        | Bought a potion of heal wounds for 50 gold pieces
  1675 | D        | Bought a scroll of identify for 20 gold pieces
  1675 | D        | Bought 3 scrolls of magic mapping for 105 gold pieces
  1675 | D        | Bought a scroll of immolation for 35 gold pieces
  1679 | D        | Bought a potion of curing for 30 gold pieces
  1679 | D        | Bought a potion of berserk rage for 50 gold pieces
  1679 | D        | Bought a potion of curing for 30 gold pieces
  1679 | D        | Bought a potion of haste for 100 gold pieces
  1679 | D        | Bought a potion of haste for 100 gold pieces
  1679 | D        | Bought a potion of curing for 30 gold pieces
  1714 | D        | Noticed Urug
  1725 | D        | Killed Urug
  1749 | D        | Noticed Josephine
  1758 | D        | Killed Josephine
  1758 | D        | Reached XP level 12. HP: 93/116 MP: 12/12
  1760 | D        | Received a gift from Trog
  1772 | D        | Noticed Erolcha
  1779 | D        | Killed Erolcha
  1873 | D        | Noticed an ogre mage
  1890 | D        | Reached skill level 25 in Polearms
  1893 | D        | Killed an ogre mage
  1895 | D        | Noticed a centaur warrior
  1896 | D        | Received a gift from Trog
  1897 | D        | Noticed an ettin
  1897 | D        | Noticed an ice dragon
  1922 | D        | Killed a centaur warrior
  1922 | D        | Reached skill level 10 in Stealth
  2273 | D        | Killed an ettin
  2290 | D        | Killed an ice dragon
  2305 | D        | Noticed a centaur warrior
  2310 | D        | Killed a centaur warrior
  2328 | D        | Noticed a deep troll earth mage
  2330 | D        | Noticed a yaktaur captain
  2335 | D        | Killed a deep troll earth mage
  2343 | D        | Killed a yaktaur captain
  2343 | D        | Received a gift from Trog
  2343 | D        | Reached skill level 26 in Polearms
  2709 | D        | Noticed an ice dragon
  2728 | D        | Killed an ice dragon
  2744 | D        | Noticed a stone giant
  2755 | D        | Killed a stone giant
  3087 | D        | Noticed a ghost crab
  3087 | D        | Noticed a four-headed hydra
  3089 | D        | Noticed an alligator
  3098 | D        | Killed a three-headed hydra
  3099 | D        | Killed an alligator
  3104 | D        | Killed a ghost crab
  3104 | D        | Received a gift from Trog
  3112 | D        | Reached XP level 13. HP: 127/127 MP: 13/13
  3197 | D        | Noticed a merfolk impaler
  3204 | D        | Killed a merfolk impaler
  3210 | D        | Received a gift from Trog
  3213 | D        | Reached skill level 27 in Polearms
  3339 | D        | Noticed an emperor scorpion
  3351 | D        | Killed an emperor scorpion
  3353 | D        | Received a gift from Trog
  3377 | D        | Received a gift from Trog
  3643 | D        | Killed from afar by a shock serpent

Illustrated notes

Levels and vault maps discovered:
D:        linesprint [early_d, line_temple, items_1, d_10, items_2, lair_1,
          lair_end, items_3, orc_1, orc_end, items_4, d_15, swamp_1, shoals_1,
          snake_1, spider_1, d_20, vaults_1, items_5, swamp_end, shoals_end,
          snake_end, spider_end, vaults_end, d_27, items_6, zot_1, zot_end,
          crypt_end, forest_end, elf_end, slime_end, tomb_end, abyss_end,
          pan_hell_end]

Skill      XL: |  1  2  3  4  5  6  7  8  9 10 11 12 13 |
---------------+----------------------------------------+-----
Polearms       | 5 9 11 14 16 19 20 22 24 26 27 | 27.0
Dodging        | 3 4 5 6 7 9 12 13 14 | 14.8
Fighting       | 4 7 8 9 11 12 13 15 17 19 21 | 21.2
Armour         | 2 3 4 5 6 8 |  8.8
Stealth        | 2 3 4 6 7 9 10 11 | 11.5
Evocations     | 1 3 |  3.4

Action                   |  1- 3 |  4- 6 |  7- 9 | 10-12 | 13-15 || total
-------------------------+-------+-------+-------+-------+-------++-------
Melee: Spear             |    31 |    17 |       |       |       ||    48
       Halberd           |       |    25 |    42 |    54 |       ||   121
       Glaive            |       |       |       |   228 |    83 ||   311
Invok: Berserk           |     1 |     1 |     1 |     9 |     3 ||    15
Evoke: Wand              |       |       |       |     4 |     1 ||     5
  Use: Potion            |       |     1 |       |     1 |       ||     2
 Stab: Sleeping          |     1 |       |     2 |     1 |     1 ||     5
       Distracted        |       |       |       |     2 |       ||     2
Armor: Animal skin       |     1 |       |       |       |       ||     1
       Plate armour      |       |     9 |     6 |       |       ||    15
       Troll leather arm |       |       |     3 |    25 |       ||    28
       Swamp dragon scal |       |       |       |    13 |     4 ||    17
Dodge: Dodged            |     9 |     6 |    10 |   125 |    35 ||   185

Table legend: (Time is in decaauts)
 A = Elapsed time spent in this place.
 B = Non-inter-level travel time spent in this place.
 C = Inter-level travel time spent in this place.
 D = Time resting spent in this place.
 E = Time spent auto-exploring this place.
 F = Levels seen in this place.
 G = Mean time per level.
                   A        B        C        D        E       F      G
               +--------+--------+--------+--------+--------+-----+--------+
         Total |   3566 |   3566 |      0 |   2006 |    372 |   1 | 3566.0 |
       Dungeon |   3566 |   3566 |      0 |   2006 |    372 |   1 | 3566.0 |
               +--------+--------+--------+--------+--------+-----+--------+

Top non-repeatable levels by time:
       D: 3566 daAuts
